 Dungeon Crawl Stone Soup version 0.29.0-4-gdea44cf6ec (webtiles) character file.

Game seed: 15191201781606440765

62 qw the Chopper (level 4, 0/26 HPs)
             Began as a Tengu Warper on Aug 28, 2022.
             Slain by Sigmund
             ... wielding a +0 scythe
              (2 damage)
             ... on level 2 of the Dungeon.
             The game lasted 00:00:07 (1770 turns).

qw the Chopper (Tengu Warper)                       Turns: 1770, Time: 00:00:08

Health: 0/26       AC:  8    Str: 13    XL:     4   Next: 8%
Magic:  8/8        EV:  6    Int: 14    God:
Gold:   67         SH:  0    Dex: 13    Spells: 7/7 levels left

rFire   . . .      SeeInvis .   Y - +1 hand axe
rCold   . . .      Faith    .   (no shield)
rNeg    . . .      Spirit   .   k - +0 chain mail
rPois   .          Reflect  .   (helmet restricted)
rElec   .          Harm     .   (no cloak)
rCorr   .          Rampage  .   (no gloves)
Will    .....                   (boots unavailable)
Stlth   ..........              (no amulet)
HPRegen 0.08/turn               (no ring)
MPRegen 0.11/turn               (no ring)

@: no status effects
A: beak, talons 3
a: no special abilities


You were on level 2 of the Dungeon.
You visited 1 branch of the dungeon, and saw 2 of its levels.

You collected 67 gold pieces.


Innate Abilities, Weirdness & Mutations

You have a beak for a mouth.
You have claws for feet.


   Skills:
 - Level 2.0 Fighting
 + Level 4.7 Axes
 - Level 1.0 Throwing
 - Level 1.1 Armour
 - Level 2.1 Dodging
 - Level 2.0 Spellcasting
 - Level 2.4 Translocations


You had 7 spell levels left.
You didn't know any spells.
Your spell library contained the following spells:

 Spells                   Type           Power      Damage    Failure   Level
 Blink                    Tloc           16%        N/A       99%         2
 Gell's Gravitas          Tloc           8%         N/A       100%        3
 Lesser Beckoning         Tloc           8%         N/A       100%        3
 Teleport Other           Tloc           8%         N/A       100%        3
 Manifold Assault         Tloc           8%         N/A       100%        5

Inventory:

Hand Weapons
 j - a +0 club
 Y - a +1 hand axe (weapon)
Armour
 k - a +0 chain mail (worn)
Scrolls
 a - a scroll of summoning {unknown}
Potions
 f - a potion of curing
 h - a potion of might {unknown}
 i - a potion of heal wounds

Dungeon Overview and Level Annotations

Branches:
Dungeon (2/15)

Altars:

Shops:
D:1 *

Annotations:
D:2 1 runed translucent door, Crazy Yiuf, Sigmund


Message History

You swing at nothing.
You swing at nothing.
You swing at nothing.
You swing at nothing.
You swing at nothing.
You swing at nothing.
You hear a zap.
A puff of flame appears from out of thin air!
The puff of flame hits you!
You swing at nothing.
A magic dart appears from out of thin air!
The magic dart hits you but does no damage.
You swing at nothing.
You swing at nothing.
You swing at nothing.
You hear some strange, mumbled words.
Something tries to affect you, but you resist.
You swing at nothing.
You hear a zap.
A puff of flame appears from out of thin air!
The puff of flame hits you.
You swing at nothing.
You hear a zap.
A puff of flame appears from out of thin air!
The puff of flame hits you.
You swing at nothing.
You swing at nothing.
You hear a zap.
A puff of flame appears from out of thin air!
The puff of flame misses you. Something hits you.
You swing at nothing.
You swing at nothing.
You hear a zap.
A puff of flame appears from out of thin air!
The puff of flame hits you.
You swing at nothing.
Something hits you but does no damage.
You swing at nothing.
Something hits you.
You die...

####.........###....)....####...#
#..{......# ##.......## ##.##
####...#### ##..<..## ### #...#
##...## #...# ##'## #.### #.# #.#
#.# ###.############.##
#.....#...{.@.>...##
#.###.#.######.....######## #.#
#.......##.............
#.###.#.###.##.#.##########
#.....#.# #......# #######.#
#####.## #.........# ###########


There were no monsters in sight!

Vanquished Creatures
  Jessica (D:2)
  An adder (D:2)
  A dart slug (D:2)
  5 endoplasms
  A giant cockroach (D:1)
  A hobgoblin (D:1)
  A kobold (D:1)
  A quokka (D:1)
  2 ball pythons (D:1)
  2 bats (D:1)
  2 frilled lizards (D:1)
  2 goblins (D:1)
  6 rats
26 creatures vanquished.

Vanquished Creatures (others)
  3 plants (D:1)
3 creatures vanquished.

Grand Total: 29 creatures vanquished

Notes
Turn   | Place    | Note
-------+----------+-------------------------------------------
     0 | D:1      | qw the Tengu Warper began the quest for the Orb.
     0 | D:1      | Reached XP level 1. HP: 12/12 MP: 4/4
     0 | D:1      | 0 ||| qw: Version: 0.1-a-89-g26bdef1
     0 | D:1      | 0 ||| qw: Game counter: 858
     0 | D:1      | 0 ||| qw: Always use a shield: true
     0 | D:1      | 0 ||| qw: God list: Okawaru
     0 | D:1      | 0 ||| qw: Allow faded altars: false
     0 | D:1      | 0 ||| qw: Do Orc after D:15 true
     0 | D:1      | 0 ||| qw: Do second Lair branch before Depths: true
     0 | D:1      | 0 ||| qw: Lair rune preference: random
     0 | D:1      | 0 ||| qw: Plans: Normal
     0 | D:1      | 0 ||| PLANNING D:1-11
    62 | D:1      | Found Igylusit's Assorted Antiques.
    73 | D:1      | 73 ||| SHOPLISTING coppery potion (19 gold, have 0).
    73 | D:1      | 73 ||| SHOPLISTING glowing cloak (165 gold, have 0).
    73 | D:1      | 73 ||| SHOPLISTING marble ring (110 gold, have 0).
    73 | D:1      | 73 ||| SHOPLISTING murky pink potion (19 gold, have 0).
    73 | D:1      | 73 ||| SHOPLISTING runed glass ring (110 gold, have 0).
    73 | D:1      | 73 ||| SHOPLISTING scroll labelled FAPPEYQEONG (22 gold,
                  | have 0).
    73 | D:1      | 73 ||| SHOPLISTING twisted garnet ring (110 gold, have 0).
    73 | D:1      | 73 ||| SHOPLISTING whip (55 gold, have 0).
   273 | D:1      | 273 ||| Stepping ~*~*~tactically~*~*~ (stealth).
   278 | D:1      | Reached skill level 3 in Axes
   278 | D:1      | Reached XP level 2. HP: 17/17 MP: 6/6
   304 | D:1      | 304 ||| Stepping ~*~*~tactically~*~*~ (stealth).
   306 | D:1      | 306 ||| Stepping ~*~*~tactically~*~*~ (stealth).
   315 | D:1      | 315 ||| Stepping ~*~*~tactically~*~*~ (stealth).
   350 | D:1      | Found a faded altar of an unknown god.
  1137 | D:1      | 1137 ||| UPGRADING to +2 ring mail of cold resistance.
  1147 | D:1      | 1147 ||| DROPPING +0 leather armour.
  1148 | D:1      | 1148 ||| UPGRADING to +0 chain mail.
  1158 | D:1      | 1158 ||| DROPPING +2 ring mail of cold resistance.
  1159 | D:1      | 1159 ||| DROPPING ring of wizardry.
  1160 | D:1      | 1160 ||| DROPPING +6 ring of intelligence.
  1161 | D:1      | 1161 ||| READING scroll labelled RADOMET XAJU.
  1287 | D:1      | 1287 ||| READING scroll labelled UNYCWAL ICEI.
  1288 | D:1      | 1288 ||| DRINKING 2 dark potions.
  1289 | D:1      | 1289 ||| DRINKING 2 brown potions.
  1290 | D:1      | 1290 ||| DROPPING scroll of blinking.
  1361 | D:2      | Noticed Jessica
  1366 | D:2      | Killed Jessica
  1367 | D:2      | Reached skill level 4 in Axes
  1367 | D:2      | Reached XP level 3. HP: 14/21 MP: 7/7
  1468 | D:2      | Reached XP level 4. HP: 26/26 MP: 8/8
  1487 | D:2      | 1487 ||| Stepping ~*~*~tactically~*~*~ (hiding).
  1488 | D:2      | 1488 ||| Stepping ~*~*~tactically~*~*~ (hiding).
  1490 | D:2      | 1490 ||| Stepping ~*~*~tactically~*~*~ (hiding).
  1704 | D:2      | Found a runed translucent door.
  1705 | D:2      | Noticed Crazy Yiuf
  1729 | D:2      | Noticed Sigmund
  1730 | D:2      | 1730 ||| FLEEEEING.
  1734 | D:2      | 1734 ||| FLEEEEING.
  1735 | D:2      | 1735 ||| FLEEEEING.
  1737 | D:2      | 1737 ||| FLEEEEING.
  1738 | D:2      | 1738 ||| FLEEEEING.
  1742 | D:2      | 1742 ||| FLEEEEING.
  1766 | D:2      | HP: 5/26 [something (2)]
  1768 | D:2      | HP: 2/26 [something/puff of flame (3)]
  1770 | D:2      | Slain by Sigmund

Levels and vault maps discovered:
D:1:      nagdon_arrival_double_spiral, layout_loops_ring, serial_shops,
          nicolae_shop_overgrown_old_shop, hellmonk_ecumenical_altar_arch_garden
D:2:      layout_loops_corners, small_statue_intersection,
          minmay_indecisive_spiral, uniq_sigmund, uniq_crazy_yiuf_cottage,
          uniq_jessica

Skill      XL: |  1  2 |
---------------+-------+-----
Axes           | 3 4 |  4.7
Fighting       | |  2.0
Throwing       | |  1.0
Armour         | |  1.1
Dodging        | |  2.1
Spellcasting   | |  2.0
Translocations | |  2.4

Action                   |  1- 3 |  4- 6 || total
-------------------------+-------+-------++-------
Melee: Hand axe          |    58 |     5 ||    63
       Kick              |    14 |     2 ||    16
       Peck              |     9 |     2 ||    11
Throw: Boomerang         |     7 |       ||     7
  Use: Scroll            |     2 |       ||     2
       Potion            |     2 |       ||     2
Armor: Leather armour    |    10 |       ||    10
       Chain mail        |     2 |     4 ||     6
Dodge: Dodged            |    20 |     3 ||    23

Table legend:
 A = Non-vault XP
 B = Vault XP
 C = Vault XP percentage of total XP
 D = Non-vault monster count
 E = Vault monster count
 F = Vault count percentage of total count
                 A         B        C        D         E       F
            +---------+---------+-------+---------+---------+-------
      Total |      52 |      37 |  41.6 |      25 |       1 |   3.8
            +---------+---------+-------+---------+---------+-------
        D:1 |      32 |       0 |   0.0 |      21 |       0 |   0.0
        D:2 |      20 |      37 |  64.9 |       4 |       1 |  20.0
            +---------+---------+-------+---------+---------+-------
